Map: Zen LE

Players

KGB

  • Race: Protoss Protoss
  • Spawn Location: 7:00

mladicO - Winner!

  • Race: Zerg Zerg
  • League: Master
  • Spawn Location: 1:00

VOD

Have the link to the VOD?

Description

cheese

Time

  • Played on: March 29, 2020, 2:12 a.m.
  • Length: 3:20
Show
View Real Time Build Order
Export as new Build Order

KGB Protoss 

Build Orders: 1 Gate Expand 

Get SALT Encoding   

  12  0:01  Probe  
  13  0:13  Probe  
  14  0:20  Pylon  
  14  0:25  Probe  
  15  0:38  Probe (Chrono Boost)  
  15  0:40  Gateway  
  16  0:49  Assimilator  
  17  0:50  Probe (Chrono Boost)  
  17  0:54  Probe (Chrono Boost)  
  18  1:05  Probe  
  19  1:17  Probe  
  20  1:27  Nexus  
  20  1:29  Probe  
  21  1:40  Cybernetics Core  
  21  1:44  Assimilator  
  21  1:46  Probe  
  22  1:54  Pylon  
  23  2:01  Probe  
  23  2:14  Adept (Chrono Boost)  
  24  2:27  Stargate  
  24  2:28  Shield Battery  
  24  2:33  Probe  
  25  2:38  Adept (Chrono Boost)  
  25  2:40  Probe  
  28  2:50  Pylon  
  28  2:54  Shield Battery  
  30  3:07  Pylon  
  30  3:14  Shield Battery  
Show
View Real Time Build Order
Export as new Build Order

mladicO Zerg - Winner!

Build Orders: Hatch First 

Get SALT Encoding   

  12  0:02  Drone  
  13  0:12  Drone  
  14  0:33  Hatchery  
  13  0:38  Drone  
  13  0:40  Extractor  
  13  0:44  Drone  
  14  1:01  Spawning Pool  
  13  1:05  Drone  
  14  1:12  Drone, Extractor  
  15  1:22  Overlord  
  15  1:45  Drone  
  16  1:49  Zergling x2  
  16  1:50  Metabolic Boost  
  16  1:52  Queen  
  19  2:00  Zergling x4  
  21  2:03  Zergling x2  
  22  2:11  Zergling x4  
  22  2:13  Zergling x2  
  25  2:19  Overlord  
  25  2:28  Overlord  
  25  2:33  Zergling x4  
  27  2:40  Zergling x2  
  28  2:47  Zergling x2  
  29  2:54  Zergling x4  
  31  3:00  Zergling x2  
  31  3:02  Zergling x6  
Tags
 
Add a new tag
Caveats
  • Supply blocks, unpowered buildings, or Contaminate may cause inaccurate times.
  • Supply counts are checked every 10 seconds.